Get step-by-step instructions on how to execute this build order below. Start the game timer, and the build order will tick by so you can play in parallel with StarCraft on a second screen or mobile device.

Game Time

  0:00

Last Step

  N/A

Next Step

Upcoming Step



Don't want to look back and forth between 2 screens? Try out our Overwolf App, the Spawning Tool Build Advisor to get an in-game overlay with this build!

Complete Build Order

  12  0:01  SCV  
  13  0:14  Supply Depot  
  13  0:19  SCV  
  14  0:25  Refinery  
  14  0:31  SCV  
  15  0:43  SCV  
  15  0:47  Barracks  
  16  0:55  SCV  
  17  1:07  SCV  
  18  1:20  SCV  
  19  1:35  Factory, Orbital Command  
  19  1:41  Refinery  
  19  1:46  Barracks Reactor  
  19  1:52  Supply Depot  
  19  2:04  SCV  
  20  2:16  SCV  
  20  2:20  Starport  
  21  2:28  SCV  
  26  2:30  Hellion x2, Marine  
  27  2:38  Supply Depot  
  27  2:40  SCV  
  28  2:49  Barracks Tech Lab  
  28  2:51  Hellion  
  30  2:52  SCV  
  33  3:15  Medivac  
  33  3:16  SCV  
  34  3:20  Siege Tank  
  34  3:21  Marine x2  
  39  3:33  Supply Depot  
  38  3:52  Medivac  
  38  3:53  Siege Tank  
  38  3:59  Command Center  
  38  4:04  Marine x2  
  40  4:12  SCV  
  41  4:19  Bunker  
  42  4:24  SCV  
  42  4:26  Medivac  
  44  4:36  SCV  
  44  4:37  Marine x2  
  47  4:58  Command Center  
  47  5:10  SCV, Marine x2  
  50  5:20  Orbital Command  
  50  5:22  SCV  
  50  5:25  Engineering Bay x2  
  50  5:28  Marine x2  
  53  5:32  Starport Reactor  
  53  5:34  SCV  
  54  5:46  SCV  
  54  5:47  Marine  
  54  5:48  SCV, Marine  
  58  5:59  SCV  
  58  6:00  SCV  
  60  6:04  Siege Tank  
  62  6:22  Terran Infantry Weapons Level 1, Terran Infantry Armor Level 1  
  62  6:23  Orbital Command  
  60  6:25  Medivac x2  
  60  6:26  Orbital Command  
  60  6:27  Barracks  
  60  6:30  Barracks Tech Lab  
  60  6:32  Barracks  
  64  6:34  Supply Depot  
  64  6:46  SCV  
  65  6:49  SCV  
  65  6:53  SCV  
  67  6:56  Marine  
  67  6:57  Stimpack  
  67  6:59  SCV  
  69  7:05  Supply Depot  
  69  7:08  SCV x2  
  69  7:09  Supply Depot  
  69  7:11  SCV  
  72  7:16  Marine x3  
  72  7:20  Barracks Reactor  
  72  7:21  SCV  
  76  7:23  SCV  
  76  7:25  Refinery  
  76  7:26  Siege Tank  
  80  7:30  SCV, Refinery  
  80  7:34  Marine  
  82  7:39  Marine x2  
  82  7:41  SCV  
  85  7:47  Supply Depot  
  85  7:48  Medivac x2  
  89  7:52  Marine  
  89  7:53  SCV  
  89  7:56  Marine  
  89  7:57  Supply Depot, Marine  
  93  8:00  Marine x2  
  93  8:01  Siege Tank  
  93  8:03  SCV x2  
  100  8:08  Supply Depot  
  100  8:12  Armory  
  100  8:14  Marine  
  100  8:18  Barracks  
  100  8:19  Barracks  
  101  8:24  Missile Turret  
  101  8:26  Missile Turret  
  101  8:30  Missile Turret, Marine x2  
  101  8:31  Marine x2  
  105  8:41  SCV x2  
  107  8:51  Marine x5  
  112  8:57  SCV  
  112  8:58  SCV  
  114  9:09  Marine  
  115  9:15  Marine x2  
  115  9:16  SCV x2, Siege Tank  
  119  9:18  Medivac x2  
  123  9:28  Marine x2  
  123  9:29  Terran Infantry Weapons Level 2, Terran Infantry Armor Level 2  
  125  9:35  Supply Depot, Combat Shields  
  125  9:36  Supply Depot, Orbital Command  
  125  9:38  Terran Vehicle and Ship Weapons Level 1  
  125  9:40  SCV, Marine  
  127  9:49  Marine  
  127  9:50  Marine x3  
  127  9:51  SCV  
  127  9:53  SCV  
  127  9:58  Marine  
  104  10:07  Marine x2  
  104  10:08  SCV x3, Marine x2  
  110  10:16  Marine  
  110  10:20  SCV x3  
  113  10:25  Marine x3  
  113  10:26  Siege Tank, Marine  
  113  10:27  Medivac  
  117  10:32  SCV x3  
  117  10:33  Supply Depot  
  117  10:34  Marine  
  121  10:35  Missile Turret  
  121  10:39  Barracks Reactor x2  
  121  10:51  Marine x3  
  121  10:52  Marine x2  
  121  10:53  Medivac  
  121  10:54  SCV  
  121  10:55  SCV  
  130  11:05  Siege Tank  
  130  11:07  Factory  
  130  11:08  Supply Depot, SCV  
  130  11:09  SCV, Marine  
  130  11:10  SCV  
  137  11:20  SCV  
  137  11:21  SCV, Marine x8  
  137  11:22  SCV  
  141  11:32  SCV  
  129  11:33  SCV  
  129  11:34  SCV, Marine  
  129  11:38  Siege Tank  
  129  11:39  Marine  
  128  11:44  SCV  
  129  11:49  Marine x5  
  129  11:50  Terran Infantry Weapons Level 3, Terran Infantry Armor Level 3, Marine  
  129  11:51  Marine  
  129  11:52  Factory Tech Lab  
  129  11:53  Medivac  
  129  11:54  Missile Turret  
  138  12:01  Marine  
  132  12:10  Marine  
  132  12:11  Marine x2  
  132  12:13  Siege Tank, Marine  
  132  12:14  Siege Tank, Marine x2  
  123  12:21  Marine  
  103  12:24  SCV x2  
  103  12:28  Marine  
  93  12:33  Marine x2  
  93  12:34  Marine  
  93  12:35  Marine  
  93  12:36  SCV  
  88  12:38  SCV  
  88  12:40  Marine  
  88  12:42  Marine x3  
  89  12:46  Marine  
  89  12:48  SCV  
  89  12:50  Marine  
  88  12:51  Marine  
  88  12:52  Marine x2  
  88  12:57  Marine  
  88  13:00  Marine  
  88  13:02  Command Center  
  88  13:03  SCV  
  88  13:05  SCV  
  91  13:14  Siege Tank  
  91  13:15  SCV  
  91  13:17  SCV  
  91  13:19  Marine x2  
  96  13:20  Marine x4  
  92  13:45  Marine x2  
  92  13:46  Marine  
  92  13:47  Marine  
  92  13:51  Siege Tank  
  92  13:52  Medivac x2  
  92  13:54  Marine  
  100  14:02  Marine x2  
  101  14:03  Marine  
  101  14:04  Marine x2  
  101  14:08  Factory Tech Lab, Marine x3  
  108  14:12  SCV x2, Marine  
  111  14:20  Marine  
  112  14:25  Missile Turret  
  112  14:29  Marine x5  
  112  14:30  Marine x2  
  119  14:31  Marine  
  120  14:48  Marine x6  
  125  14:53  Orbital Command  
  121  15:02  Siege Tank  
  121  15:03  Siege Tank  
  125  15:13  Marine  
  125  15:14  Marine x2  
  122  15:27  Marine x2  
  122  15:28  Marine  
  125  15:31  Marine  
  125  15:44  Supply Depot x2  
  125  15:52  Marine  
  125  16:05  Marine x3  
  125  16:06  Siege Tank x2, Marine x4  
  134  16:14  Medivac  
  132  16:24  Supply Depot  
  132  16:25  Supply Depot  
  132  16:27  Bunker, Barracks x2  
  132  16:29  Supply Depot, Barracks, Marine x3  
  132  16:30  Marine x6  
  141  16:43  Siege Tank  
  140  16:47  Marine x5  
  140  16:51  Marine x4  
  147  16:56  Factory Tech Lab  
  141  17:05  Marine x3  
  141  17:08  Marine x2  
  129  17:18  Marine  
  129  17:19  Orbital Command, Marauder  
  131  17:27  Marine x3  
  131  17:28  Marine x4  
  138  17:35  Barracks Reactor  
  138  17:36  Marine  
  136  17:39  Marine  
  137  17:45  Marine x2  
  137  17:46  Marine  
  137  17:47  Marine  
  137  17:50  Supply Depot  
  141  17:52  Marine x3  
  141  17:54  Marine  
  141  17:57  Marine  
  146  17:58  Barracks Reactor  
  146  18:03  Marine x2  
  146  18:04  Marine  
  149  18:07  Bunker  
  149  18:08  Marine  
  149  18:10  Siege Tank x2  
  149  18:11  Marine  
  149  18:12  Barracks Tech Lab x2  
  157  18:16  Marauder  
  157  18:19  Supply Depot  
  159  18:22  Marine x6  
  165  18:29  Supply Depot, Sensor Tower  
  165  18:31  Missile Turret  
  165  18:39  Supply Depot  
  165  18:40  Marine x2  
  163  18:53  Marine x8  
  169  18:56  Marauder x2  
  140  20:15  Marauder  
  140  20:21  Marauder, Marine x9  
  153  20:45  Marine  
  153  20:46  Marauder  
  153  20:51  Marine, Orbital Command  
  149  21:00  Marine  
  149  21:03  Bunker  
  146  21:08  Orbital Command  
  117  21:13  Marauder, Marine  
  114  21:23  Marauder, Marine x2  
  114  21:25  Marauder, Marine  
  110  21:26  Marine  
  110  21:29  Marine  
  110  21:30  Marine x4  
  110  21:31  Marine  
  117  21:33  Refinery  
  117  21:34  Refinery  
  117  21:35  Marauder  
  117  21:36  SCV  
  117  21:38  Refinery  
  120  21:40  Marine  
  120  21:41  Refinery, Marine  
  120  21:43  Marine  
  120  21:44  Marine  
  120  21:45  Marauder  
  120  21:46  Marine  
  127  21:47  Marine x2  
  127  21:48  Refinery, Marine x3  
  127  21:49  Refinery  
  127  21:52  Supply Depot, Marine  
  133  21:55  Marine  
  133  21:58  Marine x2  
  135  22:01  Marine  
  135  22:02  Marine  
  135  22:04  Marine  
  135  22:05  Marine  
  135  22:06  Marauder  
  133  22:16  Marine  
  133  22:17  Marauder, Marine x6  
  133  22:19  Marine  
  133  22:20  Marine  
  142  22:23  Marine x2  
  142  22:27  Marine  
  145  22:34  Marine x3  
  145  22:35  Marine x3  
  144  22:38  Siege Tank  
  147  22:47  Marine x5  
  149  23:06  Marauder, Marine